 Dungeon Crawl Stone Soup version 0.25-a0-591-g2ad0d86 (webtiles) character file.

Game seed: 566517893288663072, levelgen mode: deterministic

32 MrTaco21 the Cudgeler (level 3, -2/23 HPs)
             Began as a Gargoyle Fighter on Mar 14, 2020.
             Slain by Sigmund
             ... wielding a +2 vorpal scythe
              (10 damage)
             ... on level 2 of the Dungeon.
             The game lasted 00:01:51 (912 turns).

MrTaco21 the Cudgeler (Gargoyle Fighter)             Turns: 912, Time: 00:01:52

Health: -2/23      AC: 13    Str: 20    XL:     3   Next: 27%
Magic:  3/3        EV:  7    Int:  8    God:
Gold:   44         SH:  9    Dex:  9    Spells: 2/2 levels left

rFire    . . .     SeeInvis .   l - +1 mace (holy)
rCold    . . .     Gourm    .   c - +0 kite shield
rNeg     + . .     Faith    .   b - +0 scale mail
rPois    ∞         Spirit   .   (no helmet)
rElec    +         Reflect  .   i - +1 cloak
rCorr    .         Harm     .   h - +0 pair of gloves
MR       .....                  (no boots)
Stlth    ..........             (no amulet)
HPRegen  0.07/turn              (no ring)
MPRegen  0.08/turn              (no ring)

@: no status effects
A: negative energy resistance 1, electricity resistance, unbreathing,
petrification resistance, rot immunity, AC +3
a: no special abilities


You were on level 2 of the Dungeon.
You were not hungry.

You visited 1 branch of the dungeon, and saw 2 of its levels.

You collected 44 gold pieces.

Inventory:

Hand Weapons
 l - a +1 mace of holy wrath (weapon)
   (You found it on level 1 of the Dungeon)
Armour
 b - a +0 scale mail (worn)
 c - a +0 kite shield (worn)
 h - a +0 pair of gloves (worn)
   (You found it on level 1 of the Dungeon)
 i - a +1 cloak (worn)
   (You found it on level 1 of the Dungeon)
Scrolls
 k - 2 scrolls of enchant armour {unknown}
Potions
 d - a potion of might
 f - a potion of haste {unknown}
 j - a potion of resistance {unknown}
Comestibles
 a - 2 chunks of flesh
 e - 9 rations {!d}


   Skills:
 - Level 3.2 Fighting
 + Level 3.6 Maces & Flails
 - Level 3.2 Armour
 - Level 3.2 Shields


You had 2 spell levels left.
You didn't know any spells.
Your spell library was empty.

Dungeon Overview and Level Annotations

Branches:
Dungeon (2/15)

Altars:

Annotations:
D:2 Sigmund


Innate Abilities, Weirdness & Mutations

You are resistant to torment.
Your stone body is resilient. (AC +3)
You are immune to poison.
You resist negative energy. (rN+)
You are resistant to electric shocks. (rElec)
You can survive without breathing.
You are immune to petrification.
You are immune to rotting.


Message History

Your shield prevents you from hitting Sigmund.
Sigmund casts a spell at you.
You are confused.
A rat comes into view.
Sigmund hits you but does no damage.
You are too confused!
You are too confused!
Unknown command.
You are too confused!
You are too confused!
You are too confused!
You are too confused!
You bump into the rock wall.
Sigmund points at you and mumbles some strange words.
You are more confused.
Sigmund points at you and mumbles some strange words.
The puff of flame hits you.
Unknown command.
Your shield and scale mail prevent you from hitting Sigmund.
Sigmund hits you but does no damage.
You're too confused to move!
Sigmund hits you but does no damage.
Unknown command.
You bump into the rock wall.
Unknown command.
You bump into the rock wall.
Sigmund hits you but does no damage.
Unknown command.
You completely miss Sigmund. Sigmund barely misses you.
Unknown command.
You bump into the rock wall.
Sigmund closely misses you.
Unknown command.
You bump into the rock wall.
You feel less confused.
Your shield and scale mail prevent you from hitting Sigmund.
Sigmund hits you but does no damage.
Unknown command.
Unknown command.
You barely miss Sigmund.
Sigmund gestures wildly while chanting.
Sigmund flickers and vanishes!
Deactivating autopickup; reactivate with Ctrl-A.
Unknown command.
You closely miss something. Something hits you but does no damage.
You miss something. Something hits you!
* * * LOW HITPOINT WARNING * * *
* * * LOW HITPOINT WARNING * * *
Your shield prevents you from hitting something.
Something hits you!
You die...

### #.#
#.################
#...........@{r..#
#.##############.#
##.###
#....#######
#..#.#[.....
#..#......##
####..#.#.....##
...............
####..#...##..## #


You could see a rat.

Vanquished Creatures
  An ooze (D:2)
  A leopard gecko (D:1)
  A ball python (D:1)
  A giant cockroach (D:1)
  4 goblins (D:1)
  4 hobgoblins (D:1)
  4 kobolds (D:1)
  A quokka (D:2)
  5 bats (D:1)
  2 frilled lizards (D:2)
  A rat (D:2)
25 creatures vanquished.

Notes
Turn   | Place    | Note
-------+----------+-------------------------------------------
     0 | D:1      | MrTaco21 the Gargoyle Fighter began the quest for the Orb.
     0 | D:1      | Reached XP level 1. HP: 14/14 MP: 1/1
    93 | D:1      | Reached XP level 2. HP: 16/19 MP: 2/2
   493 | D:1      | Reached XP level 3. HP: 23/23 MP: 3/3
   893 | D:2      | Noticed Sigmund
   912 | D:2      | Slain by Sigmund

Levels and vault maps discovered:
D:1:      heliophobic_arrival_henge, layout_basic
D:2:      layout_basic, uniq_crazy_yiuf_cottage, uniq_sigmund

Skill      XL: |  1  2 |
---------------+-------+-----
Maces & Flails | 3 |  3.6
Fighting       | |  3.2
Armour         | |  3.2
Shields        | |  3.2

Action                   || total
-------------------------++-------
Melee: Flail             ||    73
       Mace              ||    20
Armor: Scale mail        ||    61
Dodge: Dodged            ||    25
Block: Kite shield       ||    45

Table legend:
 A = Non-vault XP
 B = Vault XP
 C = Vault XP percentage of total XP
 D = Non-vault monster count
 E = Vault monster count
 F = Vault count percentage of total count
                 A         B        C        D         E       F
            +---------+---------+-------+---------+---------+-------
      Total |      47 |       0 |   0.0 |      25 |       0 |   0.0
            +---------+---------+-------+---------+---------+-------
        D:1 |      35 |       0 |   0.0 |      20 |       0 |   0.0
        D:2 |      12 |       0 |   0.0 |       5 |       0 |   0.0
            +---------+---------+-------+---------+---------+-------
